 Dungeon Crawl Stone Soup version 0.17-a0-2098-gf59d6bc (webtiles) character file.

3324 derrpe the Grappler (level 9, -1/88 HPs)
             Began as a Troll Transmuter on Oct 17, 2015.
             Was an Elder of Ru.
             Slain by a polar bear (19 damage)
             ... on level 7 of the Dungeon.
             The game lasted 00:13:41 (6383 turns).

derrpe the Grappler (Troll Transmuter)              Turns: 6383, Time: 00:13:41

Health: -1/88      AC:  8    Str: 22    XL:     9   Next: 71%
Magic:  0/9        EV: 12    Int: 12    God:    Ru [****..]
Gold:   395        SH:  0    Dex: 12    Spells: 1 memorised, 9 levels left

rFire  . . .     SeeInvis .       - Unarmed
rCold  x . .     Rnd*Rage +     b - +0 robe
rNeg   . . .     SustAt   +     (no shield)
rPois  +         Gourm    +     p - +2 hat {Spirit}
rElec  .         Spirit   +     G - +0 cloak
rCorr  .         Warding  .     (gloves unavailable)
rMut   .         Stasis   .     (boots unavailable)
MR     .....                    (no amulet)
Stlth  +.........               E - ring "Caruadgho" {SustAt Str+4 Dex+2}
                                x - ring of protection from fire

@: not resistant to hostile enchantments, very unstealthy
A: unfitting armour, claws 3, talons 1, berserk 1, deterioration 1, fast
metabolism 3, gourmand, poison resistance, regeneration 2, shaggy fur 1, tough
skin 2, weak 1, unskilled 1, temperature sensitive
a: Draw Out Power, Power Leap, Renounce Religion


You were on level 7 of the Dungeon.
You worshipped Ru.
Ru was greatly pleased with you.
You were not hungry.

You visited 2 branches of the dungeon, and saw 9 of its levels.

You collected 395 gold pieces.

Inventory:

Missiles
 a - 56 arrows
 f - 315 stones
 l - 97 bolts
 t - 26 sling bullets
 u - 5 tomahawks (quivered)
 I - a throwing net {=f}
Armour
 b - a +0 robe (worn)
 p - a +2 hat of spirit shield (worn)
 G - a +0 cloak (worn)
Jewellery
 n - an uncursed ring of positive energy
 x - a ring of protection from fire (left claw)
 E - the ring "Caruadgho" (right claw) {SustAt Str+4 Dex+2}
   (You found it on level 7 of the Dungeon)

   [ring of sustain attributes]

   It sustains your strength, intelligence and dexterity.
   It affects your strength (+4).
   It affects your dexterity (+2).
Wands
 m - a wand of digging (10)
 y - a wand of invisibility (2)
 A - a wand of cold (9)
 B - a wand of flame (31)
 H - a wand of draining (2)
Scrolls
 e - 4 scrolls of enchant armour
 j - 5 scrolls of remove curse
 q - 2 scrolls of recharging
 r - a scroll of enchant weapon
 K - a scroll of teleportation {unknown}
Potions
 o - 5 potions of curing
 s - 4 potions of heal wounds
 v - a potion of magic
 w - 2 potions of ambrosia
 z - a potion of resistance
 D - a potion of might
 F - a potion of flight
Books
 c - a book of Changes

   Spells                             Type                      Level
   a - Beastly Appendage              Transmutation                1
   b - Sticks to Snakes               Transmutation                2
   c - Spider Form                    Transmutation/Poison         3
   d - Ice Form                       Ice/Transmutation            4
   e - Blade Hands                    Transmutation                5
Comestibles
 d - 8 bread rations {@e1}
 h - 5 meat rations {@e2}
 i - 9 beef jerkies
 k - 8 fruits
 C - a royal jelly


   Skills:
 + Level 5.0 Fighting
 + Level 5.2 Dodging
 * Level 9.2 Unarmed Combat
 - Level 1.1 Spellcasting
 + Level 2.5 Transmutations


You had 9 spell levels left.
You knew the following spells:

 Your Spells              Type           Power        Failure   Level  Hunger
a - Beastly Appendage     Trmt           #.....       12%         1    ##.....


Dungeon Overview and Level Annotations

Branches:
Dungeon (8/15)             Temple (1/1) D:4
   Lair: D:8-11

Altars:
Ashenzari
Cheibriados
Dithmenos
Elyvilon
Fedhas
Gozag
Makhleb
Nemelex Xobeh
Okawaru
Qazlal
Ru
Sif Muna
Trog
Vehumet
Xom
Yredelemnul
Zin
The Shining One


Innate Abilities, Weirdness & Mutations

You are too large for most types of armour.
You have claws for hands.
Your metabolism is lightning-fast.
You like to eat raw meat.
You heal very quickly.
You are covered in fur (AC +1).
You have very tough skin (AC +2).
You are somewhat unskilled (-1 Apt).
You are sensitive to extremes of temperature (rF-, rC-).
You have sharp toenails.
You tend to lose your temper in combat.
Your body sometimes deteriorates upon taking damage.
Your system is resistant to poisons.
You are weak. (Str -2)


Message History

The polar bear barely misses you. The polar bear claws you.
* * * LOW HITPOINT WARNING * * *
The polar bear barely misses you.
You barely miss the polar bear. Your kick misses the polar bear.
The polar bear is severely wounded.
The polar bear barely misses you. The polar bear misses you.
The polar bear claws you but does no damage.
The ufetubus hits you but does no damage.
The ufetubus misses you.
Unknown command.
Evoke which item? (* to show all) (? for menu, Esc to quit)
Zapping:
H - a wand of draining (will waste charges)
Press: ? - help, Shift-Dir - straight line, f - polar bear
Aim: a polar bear (severely wounded, berserk, fast, unusually strong)
The bolt of negative energy hits the polar bear.
The polar bear is drained!
The polar bear is almost dead.
Evoking this partially-identified wand wasted a few charges.
The polar bear bites you!!
You die...

#........##############
###'#######.......# #.#
#.......# ##'####
#.......# #.....#
#.......# #.....#
#.......# #.....#
#...%..<# ###
#....5####....#######..
#.>..h@..'....'........
##########....#######.#
#....# #.#
####.#######.#
#.......... #########.#
#.# #.# #.#


You could see a polar bear (berserk) and an ufetubus.

Vanquished Creatures
  A hill giant (D:6)
  Pikel (D:4)
  Grinder (D:4)
  Sigmund (D:4)
  A hungry ghost (D:7)
  2 ogres
  3 sky beasts
  2 orc priests
  A water moccasin (D:7)
  A phantom (D:6)
  A centaur (D:7)
  A big kobold (D:7)
  A giant frog (D:7)
  A scorpion (D:7)
  3 wights (D:4)
  2 hounds (D:7)
  A jelly (D:6)
  9 orc wizards
  2 iguanas (D:8)
  7 worker ants
  6 adders
  A shadow imp (D:3)
  2 oozes
  An adder skeleton (D:6)
  An adder zombie (D:6)
  4 worms
  6 giant geckos
  22 orcs
  3 bats
  9 hobgoblins
  8 jackals
  6 quokkas
  A ball python (D:3)
  4 giant cockroaches
  A giant gecko skeleton (D:5)
  8 giant newts
  9 goblins
  11 kobolds
  2 quokka skeletons
  7 rats
154 creatures vanquished.

Vanquished Creatures (others)
  3 slaves (D:4)
  A scorpion (D:4)
  A giant frog skeleton (D:4)
  A worker ant (D:4)
  An adder (D:4)
  2 worms (D:4)
  An orc (D:4)
10 creatures vanquished.

Grand Total: 164 creatures vanquished

Notes
Turn   | Place    | Note
--------------------------------------------------------------
     0 | D:1      | derrpe the Troll Transmuter began the quest for the Orb.
     0 | D:1      | Reached XP level 1. HP: 18/18 MP: 1/1
   105 | D:1      | Reached skill level 1 in Fighting
   192 | D:1      | Reached XP level 2. HP: 27/27 MP: 2/2
  1165 | D:2      | Reached XP level 3. HP: 33/33 MP: 3/3
  1817 | D:3      | Reached skill level 4 in Unarmed Combat
  1817 | D:3      | Reached XP level 4. HP: 42/42 MP: 4/4
  1887 | D:3      | Found a shadowy altar of Dithmenos.
  2555 | D:4      | Noticed a slave
  2555 | D:4      | Noticed a slave
  2556 | D:4      | Noticed a slave
  2557 | D:4      | Noticed Pikel
  2558 | D:4      | Noticed a slave
  2597 | D:4      | Killed Pikel
  2597 | D:4      | Reached skill level 6 in Unarmed Combat
  2597 | D:4      | Reached XP level 5. HP: 20/53 MP: 3/5
  2597 | D:4      | Reached XP level 6. HP: 23/61 MP: 3/6
  2597 | D:4      | Reached XP level 7. HP: 25/67 MP: 3/7
  2819 | D:4      | Killed a freed slave
  2905 | D:4      | Found a staircase to the Ecumenical Temple.
  2905 | D:4      | Noticed Grinder
  2923 | D:4      | Killed Grinder
  2923 | D:4      | Reached skill level 7 in Unarmed Combat
  2923 | D:4      | Reached XP level 8. HP: 52/78 MP: 4/8
  2932 | Temple   | Entered the Ecumenical Temple
  3049 | Temple   | Became a worshipper of Ru the Awakened
  3172 | D:4      | Noticed Sigmund
  3179 | D:4      | Killed Sigmund
  3237 | D:4      | Killed a freed slave
  3336 | D:4      | Killed a freed slave
  3420 | D:4      | Reached skill level 8 in Unarmed Combat
  3627 | D:5      | Entered Level 5 of the Dungeon
  4260 | D:5      | Gained mutation: You are somewhat unskilled (-1 Apt). [Ru sacrifice]
  4260 | D:5      | Reduced skill Unarmed Combat to level 7
  4260 | D:5      | Reached * piety under Ru
  4663 | D:6      | Noticed a hill giant
  4669 | D:6      | Killed a hill giant
  4669 | D:6      | Reached skill level 8 in Unarmed Combat
  4669 | D:6      | Reached XP level 9. HP: 83/85 MP: 9/9
  5154 | D:6      | Gained mutation: You tend to lose your temper in combat. [mutagenic meat]
  5155 | D:6      | Gained mutation: You have sharp toenails. [mutagenic meat]
  5156 | D:6      | Gained mutation: You are weak. (Str -2) [mutagenic meat]
  5157 | D:6      | Gained mutation: Your system is resistant to poisons. [mutagenic meat]
  5158 | D:6      | Gained mutation: Your body sometimes deteriorates upon taking damage. [mutagenic meat]
  5654 | D:7      | Got a crude amber ring
  5834 | D:7      | Identified the ring "Caruadgho" {SustAt Str+4 Dex+2} (You found it on level 7 of the Dungeon)
  5882 | D:7      | Reached skill level 5 in Dodging
  6133 | D:7      | Reached skill level 9 in Unarmed Combat
  6189 | D:7      | Gained mutation: You are sensitive to extremes of temperature (rF-, rC-). [Ru sacrifice]
  6189 | D:7      | Reached ** piety under Ru
  6189 | D:7      | Reached *** piety under Ru
  6189 | D:7      | Reached **** piety under Ru
  6270 | D:7      | Reached skill level 5 in Fighting
  6294 | D:7      | Identified the Grimoire of Malediction
  6383 | D:7      | Slain by a polar bear

Vault maps used:
D:1:      lightli_arrival_windingriver
D:3:      first_bread, grunt_dithmenos_smoke
D:4:      minmay_temple_entry_junction2, uniq_grinder, uniq_pikel, uniq_sigmund
D:5:      dk_noncrumbling_4, kennysheep_small_spiral
D:7:      grunt_ogre_cave
D:8:      serial_ice, serial_ice_f, serial_ice_b, serial_ice_a, serial_ice_g
Temple:   kilobyte_greek_temple_18

Action                   |  1- 3 |  4- 6 |  7- 9 || total
-------------------------+-------+-------+-------++-------
Melee: Unarmed           |   107 |    84 |   255 ||   446
Throw: Stone             |    88 |    13 |    33 ||   134
       Tomahawk          |       |    27 |    57 ||    84
Invok: Sacrifice Skill   |       |       |     1 ||     1
       Sacrifice Resista |       |       |     1 ||     1
Evoke: Wand              |       |       |     6 ||     6
  Use: Scroll            |       |       |    14 ||    14
 Stab: Sleeping          |       |       |     1 ||     1
  Eat: Chunk             |    22 |     7 |    40 ||    69
